 Dungeon Crawl Stone Soup version 0.27.0-1-g7a089689b8 (webtiles) character file.

Game seed: 1194342023157074836

43 sanka the Caller (level 3, 0/28 HPs)
             Began as a Demigod Summoner on Aug 1, 2021.
             Succumbed to an adder's poison
             ... on level 3 of the Dungeon.
             The game lasted 00:04:29 (2752 turns).

sanka the Caller (Demigod Summoner)                 Turns: 2752, Time: 00:04:29

Health: 0/28       AC:  6    Str:  9    XL:     3   Next: 20%
Magic:  6/8        EV: 11    Int: 21    God:
Gold:   102        SH:  0    Dex: 14    Spells: 3/6 levels left

rFire    + + .     SeeInvis .   s - staff of fire
rCold    . . .     Faith    .   (no shield)
rNeg     . . .     Spirit   .   e - +2 leather armour {rF+}
rPois    .         Reflect  .   (no helmet)
rElec    .         Harm     .   (no cloak)
rCorr    +         Rampage  .   (no gloves)
Will     .....                  k - +0 pair of boots
Stlth    ++........             (no amulet)
HPRegen  0.09/turn              (no ring)
MPRegen  0.11/turn              o - ring of resist corrosion

@: lethally poisoned (0 -> -2)
A: high mp 1, forlorn
a: no special abilities


You were on level 3 of the Dungeon.
You visited 1 branch of the dungeon, and saw 3 of its levels.

You collected 102 gold pieces.


Innate Abilities, Weirdness & Mutations

Your attributes grow dramatically as you level up.
You have an increased reservoir of magic. (+10% MP)
You shall have no god before yourself.


   Skills:
 + Level 1.0 Fighting
 + Level 2.1 Dodging
 - Level 1.7 Stealth
 - Level 2.0 Spellcasting
 - Level 4.2 Summonings


You had 3 spell levels left.
You knew the following spells:

 Your Spells              Type           Power      Damage    Failure   Level
x - Call Imp              Summ           20%        N/A       5%          2
z - Summon Small Mammal   Summ           80%        N/A       3%          1

Your spell library contained the following spells:

 Spells                   Type           Power      Damage    Failure   Level
 Call Canine Familiar     Summ           20%        N/A       11%         3
 Summon Guardian Golem    Hex/Summ       11%        N/A       26%         3
 Summon Lightning Spire   Summ/Air       11%        N/A       65%         4

Inventory:

Hand Weapons
 a - a +0 spear
Missiles
 c - a throwing net {=f}
 h - 17 poisoned darts
Armour
 e - a +2 leather armour of fire resistance (worn)
 k - a +0 pair of boots (worn)
Magical Staves
 s - a staff of fire (weapon)
Jewellery
 o - a ring of resist corrosion (right hand)
Scrolls
 d - a scroll of fog {unknown}
 f - a scroll of immolation {unknown}
 i - a scroll of enchant weapon {unknown}
 j - a scroll of teleportation {unknown}
 m - 2 scrolls of amnesia {unknown}
 n - a scroll of identify {unknown}
Potions
 b - 3 potions of curing {unknown}
 g - a potion of might {unknown}
 l - a potion of attraction {unknown}
 p - a potion of haste {unknown}
 q - a potion of flight {unknown}
 r - a potion of degeneration {unknown}
 t - a potion of brilliance {unknown}

Dungeon Overview and Level Annotations

Branches:
Dungeon (3/15)

. ▒. ▒..
▒...▒▒▒▒▒
........▒▒▒▒
▒..........▒
▒▒▒5▒▒.▒▒▒▒▒▒▒
▒..p.Sg......▒
▒.▒▒▒▒.▒..▒▒.
▒.▒ ▒....▒ ▒<▒
▒.....▒ ▒.▒
........▒ ▒.▒
.........▒
▒.▒▒▒........▒
▒.▒ ▒▒.....▒.▒
▒.▒ ▒▒......▒


You could see an adder (ally target), a goblin and a friendly crimson imp
(summoned).


Message History

The adder is moderately wounded.
You feel very sick. The adder bites you.
* * * LOW HITPOINT WARNING * * *
The adder bites you but does no damage.
Unknown command.
You hit the adder.
The adder is heavily wounded.
You feel sick. The adder barely misses you.
Unknown command.
You barely miss the adder.
The adder is heavily wounded.
You feel sick. The adder closely misses you.
The adder bites you but does no damage.
Unknown command.
You miss the adder.
The adder is heavily wounded.
You feel sick. The adder bites you.
* * * LOW HITPOINT WARNING * * *
Unknown command.
Unknown command.
A beastly little devil appears in a puff of flame.
* * * LOW HITPOINT WARNING * * *
You feel sick. The adder misses you. The adder closely misses you.
You die...

Action                   || total
-------------------------++-------
Melee: Unarmed           ||    20
       Whip              ||    45
       Spear             ||    95
       Staff             ||    14
 Cast: Summon Small Mamm ||     8
       Call Imp          ||     5
 Stab: Sleeping          ||     3
Armor: Robe              ||     7
       Leather armour    ||    66
Dodge: Dodged            ||   112

Levels and vault maps discovered:
D:1:      nzn_arrival_depleted_hourglass, layout_loops_ring,
          dreamdust_ecumenical_altar_hidden_monk_grotto
D:2:      layout_loops_corners
D:3:      layout_loops_ring

Notes
Turn   | Place    | Note
-------+----------+-------------------------------------------
     0 | D:1      | sanka the Demigod Summoner began the quest for the Orb.
     0 | D:1      | Reached XP level 1. HP: 14/14 MP: 5/5
   418 | D:1      | HP: 1/14 [dart slug/slug dart (4)]
   420 | D:1      | Reached skill level 2 in Spellcasting
   778 | D:1      | Reached skill level 4 in Summonings
   832 | D:1      | Reached XP level 2. HP: 20/20 MP: 5/7
   850 | D:1      | Learned a level 2 spell: Call Imp
  1092 | D:1      | Reached skill level 2 in Dodging
  2119 | D:2      | Reached XP level 3. HP: 24/27 MP: 8/8
  2661 | D:2      | Reached skill level 1 in Fighting
  2750 | D:3      | HP: 2/28 [adder (4)]
  2752 | D:3      | Succumbed to an adder's poison

Vanquished Creatures
  A worm (D:2)
  A dart slug (D:1)
  4 ball pythons
  3 endoplasms
  A giant cockroach (D:1)
  2 goblins
  A hobgoblin (D:2)
  3 quokkas
  5 bats
  A frilled lizard (D:1)
  3 kobolds
  3 rats (D:2)
28 creatures vanquished.

Vanquished Creatures (collateral kills)
  An adder (D:2)
  A dart slug (D:1)
  An endoplasm (D:1)
  A frilled lizard (D:1)
4 creatures vanquished.

Grand Total: 32 creatures vanquished
